 Dungeon Crawl Stone Soup version 0.29.1-2-gbd0b4ee654 (webtiles) character file.

Game seed: 8522887299134082018

290 MisterFreud the Nimble (level 6, -2/28 HPs)
             Began as a Felid Berserker on Nov 2, 2022.
             Was a Believer of Trog.
             Slain by an orc
             ... wielding a +0 whip
              (5 damage)
             ... on level 5 of the Dungeon.
             The game lasted 00:05:41 (5915 turns).

MisterFreud the Nimble (Felid Berserker)            Turns: 5915, Time: 00:05:42

Health: -2/28      AC:  2    Str: 13    XL:     6   Next: 9%
Magic:  7/7        EV: 27    Int:  8    God:    Trog [**....]
Gold:   276        SH:  5    Dex: 18    Spells: 5/5 levels left
                                        Lives:  0   Deaths: 2

rFire   . . .      SeeInvis +     - Unarmed
rCold   . . .      Faith    .   (shield unavailable)
rNeg    . . .      Spirit   .   (body armour unavailable)
rPois   +          Reflect  +   (helmet unavailable)
rElec   .          Harm     .   (cloak unavailable)
rCorr   .          Rampage  .   (gloves unavailable)
Will    .....                   (boots unavailable)
Stlth   +++.......              a - amulet of reflection
HPRegen 0.09/turn               c - +4 ring of evasion
MPRegen 0.10/turn               o - ring of poison resistance

@: quick
A: very small, claws 1, fangs 3, see invisible, speed 1, shaggy fur 2, stealthy
paws, no weapons or thrown items, no armour, multi-lived
a: Renounce Religion, Berserk, Trog's Hand


You were on level 5 of the Dungeon.
You worshipped Trog.
Trog was pleased with you.
You visited 1 branch of the dungeon, and saw 5 of its levels.

You collected 331 gold pieces.
You spent 55 gold pieces at shops.

Inventory:

Jewellery
 a - an amulet of reflection (around neck)
 c - a +4 ring of evasion (left paw)
 l - a +6 ring of strength
 o - a ring of poison resistance (right paw)
 p - a ring of ice
Wands
 g - a wand of quicksilver (8)
Scrolls
 f - 3 scrolls of teleportation
 h - a scroll of enchant armour {unknown}
 n - a scroll of fog
 r - 2 scrolls of identify
Potions
 b - 5 potions of flight
 d - a potion of degeneration {unknown}
 e - a potion of ambrosia {unknown}
 i - 2 potions of brilliance
 j - 2 potions of haste {unknown}
 k - 3 potions of curing
 m - 4 potions of might {unknown}
 q - a potion of resistance {unknown}


   Skills:
 - Level 3.0 Fighting
 + Level 9.0 Dodging
 - Level 6.0 Stealth
 - Level 6.0 Unarmed Combat


You had 5 spell levels left.
You didn't know any spells.
Your spell library was empty.

Dungeon Overview and Level Annotations

Branches:
Dungeon (5/15)
 Temple: D:4-7

Altars:
Dithmenos
Fedhas

Shops:
D:4 *   D:5 *

Annotations:
D:5 Blork the orc


Innate Abilities, Weirdness & Mutations

You have sharp claws.
You have razor-sharp teeth.
You have supernaturally acute eyesight. (SInv)
You cover ground quickly. (Speed+)
You are covered in thick fur. (AC +2)
Your paws help you pounce on unaware monsters.
You are incapable of wielding weapons or throwing items.
You cannot wear armour.
You gain extra lives every three experience levels.


Message History

There is an open door here.
There are monsters nearby!
An orc comes into view. It is wielding a +0 short sword.
Found a fuming silvery potion.
An orc wizard comes into view. It is wielding a +0 dagger.
Found a book of Dreams.
You barely miss the orc.
The orc hits you with a +0 flail of holy wrath!
The orc wizard shouts!
The orc shouts!
The orc misses you. x2
The orc completely misses you. The orc misses you.
The orc completely misses you. The orc misses you. The orc misses you. x2
The orc closely misses you. You block the orc's attack.
The orc completely misses you. x2; The orc hits you with a +0 whip.
You block the orc wizard's attack. The orc hits you with a +0 short sword.
You block the orc's attack. The orc completely misses you.
The orc wizard barely misses you. The orc completely misses you.
The orc closely misses you. The orc completely misses you.
You block the orc wizard's attack.
The orc completely misses you. x2; The orc misses you.
The orc wizard hits you with a +0 dagger.
You block the orc's attack. The orc completely misses you. The orc misses you.
The orc wizard barely misses you. The orc completely misses you.
You block the orc's attack. The orc completely misses you.
The orc wizard closely misses you. The orc misses you.
The orc completely misses you. x2
The orc wizard misses you. The orc hits you with a +0 short sword.
The orc completely misses you. x2
The orc wizard misses you. You block the orc's attack.
The orc completely misses you. The orc closely misses you.
The orc wizard hits you but does no damage.
The orc completely misses you. The orc hits you but does no damage.
The orc completely misses you. The orc wizard misses you.
The orc closely misses you.
The orc hits you with a +0 flail of holy wrath!
* * * LOW HITPOINT WARNING * * *
The orc hits you with a +0 whip.
You die...

#.###... ...# #...'...
...# #...#... ..#
#...#... ###
##'############...
....###..##............#
..........#............#
......oo..#............#
:.....o@..'............#
......o...#....>.......#
..!.......#............'
....#######............#
### ..........#######
..........# #..
...........# #..
#............# ##..
#.......#+#### #...


You could see an orc wizard and 3 orcs.

Vanquished Creatures
  Sigmund (D:4)
  Edmund (D:5)
  An ice beast (D:5)
  An ogre (D:4)
  A phantom (D:5)
  A necrophage (D:4)
  Crazy Yiuf (D:2)
  2 jellies
  A gnoll bouda (D:4)
  An iguana (D:3)
  Ijyb (D:4)
  2 orc wizards (D:4)
  8 gnolls (D:4)
  An adder (D:5)
  A worm (D:2)
  2 dart slugs (D:1)
  4 orcs (D:5)
  7 ball pythons
  6 endoplasms
  A giant cockroach (D:3)
  7 goblins
  6 hobgoblins
  6 jackals
  4 kobolds
  4 quokkas
  5 bats
  3 rats
79 creatures vanquished.

Notes
Turn   | Place    | Note
-------+----------+-------------------------------------------
     0 | D:1      | MisterFreud the Felid Berserker began the quest for the
                  | Orb.
     0 | D:1      | Reached XP level 1. HP: 10/10 MP: 2/2
    93 | D:1      | Reached skill level 1 in Stealth
   255 | D:1      | Reached XP level 2. HP: 9/14 MP: 3/3
   831 | D:1      | Found a faded altar of an unknown god.
  1173 | D:2      | Found a runed translucent door.
  1174 | D:2      | Noticed Crazy Yiuf
  1311 | D:2      | Reached XP level 3. HP: 17/17 MP: 4/4
  1347 | D:2      | Reached ** piety under Trog
  1953 | D:2      | Killed Crazy Yiuf
  1954 | D:2      | Reached XP level 4. HP: 10/21 MP: 5/5
  2857 | D:4      | Noticed Sigmund
  3326 | D:3      | Reached XP level 5. HP: 11/24 MP: 6/6
  3724 | D:4      | Killed Sigmund
  3725 | D:4      | Reached skill level 5 in Unarmed Combat
  3725 | D:4      | Gained mutation: You are covered in thick fur. (AC +2)
                  | [Felid growth]
  3725 | D:4      | Reached XP level 6. HP: 28/28 MP: 7/7
  3824 | D:4      | Found Usen's General Store.
  3830 | D:4      | Bought a scroll of teleportation for 30 gold pieces
  3907 | D:4      | Found a shadowy altar of Dithmenos.
  4150 | D:4      | Reached skill level 5 in Dodging
  4183 | D:4      | Noticed Ijyb
  4202 | D:4      | Killed Ijyb
  4203 | D:4      | Reached XP level 7. HP: 26/31 MP: 8/8
  4749 | D:4      | Reached skill level 6 in Dodging
  4797 | D:4      | Found a blossoming altar of Fedhas.
  5220 | D:5      | Entered Level 5 of the Dungeon
  5288 | D:5      | Reached skill level 7 in Dodging
  5317 | D:5      | Reached skill level 8 in Dodging
  5582 | D:5      | Killed from afar by an orc wizard
  5583 | D:5      | Reached XP level 6. HP: -3/28 MP: 7/7
  5625 | D:5      | Noticed Edmund
  5640 | D:5      | Killed Edmund
  5641 | D:5      | Reached XP level 7. HP: 31/31 MP: 8/8
  5778 | D:5      | Reached skill level 9 in Dodging
  5817 | D:5      | Found Noeng's CLEARANCE SALE!.
  5825 | D:5      | Bought a potion of curing for 15 gold pieces
  5825 | D:5      | Bought a scroll of identify for 10 gold pieces
  5831 | D:5      | Noticed Blork the orc
  5852 | D:5      | Slain by Blork the orc
  5853 | D:5      | Reached XP level 6. HP: -1/28 MP: 7/7
  5915 | D:5      | Slain by an orc

Illustrated notes

Levels and vault maps discovered:
D:1:      eino_arrival_cavern_e, layout_basic,
          shapermc_ecumenical_altar_mp_vishouse, grunt_decor_resistance,
          minivault_19
D:2:      layout_rooms, uniq_crazy_yiuf_cottage
D:3:      layout_basic
D:4:      layout_rooms, fedhas_altar_3, nicolae_dithmenos_shadow_blocks,
          serial_shops, nicolae_shop_advertising_works
          [nicolae_subvault_shop_adworks], serial_co_window_serial,
          co_window_paths_b, co_window_paths_b, co_window_cross_1,
          co_window_of_opportunity_a, co_window_corner_a, co_window_corner_a,
          co_window_corner_a, co_window_paths_a, co_window_corner_a,
          co_window_paths_c, co_window_broadway_a, co_window_broadway_c,
          glass_columns_c, glass_columns_c, minmay_a_box_with_orc_wizards_in_it,
          uniq_ijyb, uniq_sigmund
D:5:      layout_gridville, minmay_temple_entry_glassed_door,
          minmay_shop_enchanted_jewellery, minivault_19, nicolae_shop_clearance,
          uniq_eustachio, uniq_edmund, uniq_blork_the_orc

Skill      XL: |  1  2  3  4  5  6  7 |
---------------+----------------------+-----
Stealth        | 1 2 3 4 6 |  6.0
Unarmed Combat | 4 5 6 |  6.0
Dodging        | 5 9 |  9.0
Fighting       | |  3.0

Action                   |  1- 3 |  4- 6 |  7- 9 || total
-------------------------+-------+-------+-------++-------
Melee: Unarmed           |   100 |   108 |    90 ||   298
       Bite              |     9 |    15 |    13 ||    37
       Punch             |     2 |     1 |     6 ||     9
Invok: Berserk           |       |     6 |     1 ||     7
       Trog's Hand       |       |     2 |     1 ||     3
  Use: Scroll            |     2 |     7 |       ||     9
 Stab: Sleeping          |     8 |     2 |     1 ||    11
Armor: Skin              |     4 |     7 |     4 ||    15
Dodge: Dodged            |    75 |   131 |    67 ||   273
Block: Other             |       |    27 |    13 ||    40
